 Dungeon Crawl Stone Soup version 0.28-a0-991-g956f0ee3d5 (webtiles) character file.

Game seed: 9439938315179223474

198 Conn the Sneak (level 5, -4/32 HPs)
             Began as an Octopode Fire Elementalist on Dec 5, 2021.
             Killed from afar by Natasha (8 damage)
             ... with a magic dart
             ... on level 4 of the Dungeon.
             The game lasted 00:08:48 (3019 turns).

Conn the Sneak (Octopode Fire Elementalist)         Turns: 3019, Time: 00:08:49

Health: -4/32      AC:  1    Str:  7    XL:     5   Next: 77%
Magic:  5/9        EV: 13    Int: 19    God:
Gold:   119        SH:  0    Dex: 13    Spells: 9/10 levels left

rFire   . . .      SeeInvis .   g - +2 dagger (speed)
rCold   . . .      Faith    .   (no shield)
rNeg    . . .      Spirit   .   (helmet restricted)
rPois   .          Reflect  .   (no amulet)
rElec   .          Harm     .   (no ring)
rCorr   .          Rampage  .   (no ring)
Will    .....                   (no ring)
Stlth   ++++......              (no ring)
HPRegen 0.10/turn               (no ring)
MPRegen 0.11/turn               (no ring)
                                (no ring)
                                (no ring)

@: brilliant, slowed, very slow
A: almost no armour, amphibious, 8 rings, camouflage 1, gelatinous body 1,
(nimble swimmer 1), tentacles
a: no special abilities


You were on level 4 of the Dungeon.
You visited 1 branch of the dungeon, and saw 4 of its levels.

You collected 119 gold pieces.

Inventory:

Hand Weapons
 a - a +0 dagger
 d - a +4 mace
 g - a +2 dagger of speed (weapon)
Scrolls
 b - a scroll of teleportation {unknown}
 c - a scroll of enchant armour {unknown}
 e - a scroll of fog {unknown}
 f - 2 scrolls of identify {unknown}
 i - a scroll of fear {unknown}
Potions
 h - a potion of brilliance


   Skills:
 + Level 0.3 Fighting
 + Level 0.7 Short Blades
 + Level 1.7 Maces & Flails
 + Level 2.2 Dodging
 + Level 4.2 Stealth
 + Level 3.0 Spellcasting
 + Level 1.7 Conjurations
 + Level 4.0 Fire Magic


You had 9 spell levels left.
You knew the following spells:

 Your Spells              Type           Power      Damage    Failure   Level
a - Foxfire               Conj/Fire      80%        2x1d8     4%          1

Your spell library contained the following spells:

 Spells                   Type           Power      Damage    Failure   Level
 Scorch                   Fire           54%        2d7       4%          2
 Conjure Flame            Conj/Fire      20%        6-21      14%         3
 Beastly Appendage        Tmut           8%         N/A       16%         1
 Inner Flame              Hex/Fire       15%        N/A       21%         3
 Wereblood                Tmut           4%         N/A       22%         2
 Spider Form              Tmut/Pois      4%         N/A       41%         3
 Flame Wave               Conj/Fire      20%        2d6       43%         4


Dungeon Overview and Level Annotations

Branches:
Dungeon (4/15)
 Temple: D:4-7

Altars:

Annotations:
D:4 Natasha


Innate Abilities, Weirdness & Mutations

You cannot wear most types of armour.
You are amphibious.
You can wear up to eight rings at the same time.
Your skin changes colour to match your surroundings (Stealth+).
Your rubbery body absorbs attacks. (AC +1, EV +1)
((You are camouflaged near water. (Stealth+)))
You have tentacles for arms and can constrict up to eight enemies at once.


Message History

Confirm with . or Enter, or press ? or * to list all spells.
You conjure some foxfire!
You constrict Natasha. The quokka bites you. Natasha barely misses you.
The quokka barely misses you.
Unknown command.
Unknown command.
You hit Natasha but do no damage.
Natasha is moderately wounded.
You constrict Natasha.
The foxfire hits the quokka.
The quokka is heavily wounded.
The foxfire hits the quokka.
The quokka is severely wounded.
The foxfire hits the quokka.
You kill the quokka!
Natasha mumbles some strange words.
The foxfire hits the crimson imp.
The crimson imp completely resists.
Casting: Foxfire (safe; 4% risk of failure)
Confirm with . or Enter, or press ? or * to list all spells.
You conjure some foxfire!
You constrict Natasha.
Natasha extends her claws.
Natasha claws you!
The foxfire hits the crimson imp.
The crimson imp completely resists.
Natasha claws you but does no damage.
Unknown command.
Casting: Foxfire (safe; 4% risk of failure)
Confirm with . or Enter, or press ? or * to list all spells.
You conjure some foxfire!
You constrict Natasha, but do no damage.
The foxfire hits the crimson imp.
The crimson imp completely resists.
Natasha claws you.
* * * LOW HITPOINT WARNING * * *
It was a potion of brilliance.
You feel clever all of a sudden.
You constrict Natasha.
The foxfire hits the crimson imp.
The crimson imp completely resists.
The foxfire hits the crimson imp but does no damage.
The crimson imp hits you.
* * * LOW HITPOINT WARNING * * *
Natasha claws you but does no damage. The crimson imp barely misses you.
Natasha stares at you and mumbles some strange words.
The magic dart hits you!
You die...

#.....#.#####.#
#
##...##.#..[..#
#...##.#.#####
###.......#
#....<..###
#.####### #.#
#####§###.#
#..h@.§...#
#...5.......#
#....!......####
##..$.........#
##.#########.#
... .# #.. # ..


You could see Natasha and a crimson imp (summoned).

Vanquished Creatures
  Natasha (D:4)
  An iguana (D:3)
  An orc wizard (D:3)
  7 adders
  A worm (D:2)
  2 dart slugs
  4 orcs (D:3)
  An endoplasm (D:3)
  5 giant cockroaches
  4 goblins
  3 hobgoblins (D:3)
  A jackal (D:2)
  5 quokkas
  7 ball pythons
  A bat (D:3)
  2 frilled lizards
  6 kobolds
  6 rats
58 creatures vanquished.

Vanquished Creatures (others)
  152 foxfires
152 creatures vanquished.

Grand Total: 210 creatures vanquished

Notes
Turn   | Place    | Note
-------+----------+-------------------------------------------
     0 | D:1      | Conn the Octopode Fire Elementalist began the quest for the
                  | Orb.
     0 | D:1      | Reached XP level 1. HP: 11/11 MP: 3/3
   125 | D:1      | Reached XP level 2. HP: 17/17 MP: 1/5
   358 | D:1      | Found a faded altar of an unknown god.
   925 | D:2      | Found Sam Coarr's Antique Armour Emporium.
  1007 | D:2      | Reached XP level 3. HP: 21/21 MP: 2/6
  1670 | D:2      | Reached skill level 1 in Maces & Flails
  1728 | D:2      | Reached XP level 4. HP: 27/27 MP: 2/7
  1972 | D:3      | Reached XP level 5. HP: 22/31 MP: 9/9
  2920 | D:4      | Noticed Natasha
  2928 | D:4      | Killed Natasha
  3009 | D:4      | Noticed Natasha
  3019 | D:4      | Killed from afar by Natasha

Illustrated notes

Levels and vault maps discovered:
D:1:      minmay_arrival_nine_rooms, layout_loops_ring,
          hellmonk_ecumenical_altar_zigzags
D:2:      minmay_chambers_of_twos, layout_loops_ring, serial_shops,
          nicolae_shop_overgrown_old_shop
D:3:      layout_basic, chequers_mini_garden
D:4:      layout_basic, slow_altar_2, minmay_temple_entry_waves, serial_shops,
          nicolae_diamond_shop, minmay_gold_behind_fungi, uniq_menkaure,
          uniq_natasha

Skill      XL: |  1  2  3  4  5 |
---------------+----------------+-----
Stealth        | 3 4 |  4.2
Maces & Flails | 1 |  1.7
Spellcasting   | 3 |  3.0
Fire Magic     | 4 |  4.0
Fighting       | |  0.3
Short Blades   | |  0.7
Dodging        | |  2.2
Conjurations   | |  1.7

Action                   |  1- 3 |  4- 6 || total
-------------------------+-------+-------++-------
Melee: Unarmed           |     5 |       ||     5
       Dagger            |     5 |    21 ||    26
       Constrict         |     6 |     5 ||    11
       Mace              |    10 |    20 ||    30
       Tentacles         |       |     4 ||     4
 Cast: Foxfire           |    48 |    43 ||    91
  Use: Potion            |       |     4 ||     4
 Stab: Sleeping          |     6 |     4 ||    10
Armor: Skin              |     1 |    64 ||    65
Dodge: Dodged            |    12 |    28 ||    40

Table legend: (Time is in decaauts)
 A = Elapsed time spent in this place.
 B = Non-inter-level travel time spent in this place.
 C = Inter-level travel time spent in this place.
 D = Time resting spent in this place.
 E = Time spent auto-exploring this place.
 F = Levels seen in this place.
 G = Mean time per level.
                   A        B        C        D        E       F      G
               +--------+--------+--------+--------+--------+-----+--------+
         Total |   3004 |   2915 |     89 |    201 |   2134 |   4 |  751.0 |
       Dungeon |   3004 |   2915 |     89 |    201 |   2134 |   4 |  751.0 |
               +--------+--------+--------+--------+--------+-----+--------+

Top non-repeatable levels by time:
     D:3: 1034 daAuts
     D:2: 1020 daAuts
     D:1: 843 daAuts
     D:4: 106 daAuts
